CLL
SAN JOSE BEES @ VISALIA METS
06/01/1982
 
TOP OF THE 1ST
San Jose Bees batting - Pitching for Visalia Mets : RHP Tom Rowe
Pitching: RHP Tom Rowe
Batting: RHB Anthony Laurenzi 0-0: Ball
1-0: Fly out, F8 (Line Drive, 8RD, EV 95.6 MPH)
Batting: RHB Ron MacDonald 0-0: Ball
1-0: Foul Ball, location: 2F
1-1: Ball
2-1: Foul Ball, location: 2F
2-2: Strikes out swinging, 2-3 out at first.
Batting: LHB Stanley Davis 0-0: Called Strike
0-1: Ground out 4-3 (Groundball, 34, EV 87.5 MPH)
Top of the 1st over - 0 runs, 0 hits, 0 errors, 0 left on base; San Jose 0 - Visalia 0
BOTTOM OF THE 1ST
Visalia Mets batting - Pitching for San Jose Bees : LHP Richard Spanton
Pitching: LHP Richard Spanton
Batting: RHB Danny Ainge 0-0: Ball
1-0: Ball
2-0: Fly out, F8 (Line Drive, 8LM, EV 106.9 MPH)
Batting: SHB David Navarro 0-0: Ball
1-0: Ball
2-0: Called Strike
2-1: Foul Ball, location: 2F
2-2: Ground out 6-3 (Groundball, 6, EV 104.4 MPH)
Batting: LHB Huey Gayden 0-0: Ball
1-0: Ground out 6-3 (Groundball, 6, EV 81.9 MPH)
Bottom of the 1st over - 0 runs, 0 hits, 0 errors, 0 left on base; San Jose 0 - Visalia 0
TOP OF THE 2ND
San Jose Bees batting - Pitching for Visalia Mets : RHP Tom Rowe
Batting: RHB Ricky McMullen 0-0: Swinging Strike
0-1: Called Strike
0-2: Ball
1-2: Foul Ball, location: 2F
1-2: Ball
2-2: SOLO HOME RUN (Flyball, 7D, EV 96.9 MPH), Distance : 386 ft
Batting: RHB Michael Parker 0-0: Called Strike
0-1: Foul Ball, location: 2F
0-2: Foul Ball, location: 2F
0-2: Ball
1-2: Foul Ball, location: 2F
1-2: Fly out, F4 (Flyball, 4D, EV 80.6 MPH)
Batting: LHB Dale Weaver 0-0: Called Strike
0-1: Foul Ball, location: 2F
0-2: Ball
1-2: Fly out, F8 (Flyball, 78D, EV 100.0 MPH)
Batting: RHB Timothy Wallace 0-0: Swinging Strike
0-1: Foul Ball, location: 2F
0-2: Ball
1-2: Ball
2-2: Ball
3-2: Ground out 4-3 (Groundball, 4, EV 80.6 MPH)
Top of the 2nd over - 1 run, 1 hit, 0 errors, 0 left on base; San Jose 1 - Visalia 0
BOTTOM OF THE 2ND
Visalia Mets batting - Pitching for San Jose Bees : LHP Richard Spanton
Batting: LHB Pete Dalena 0-0: Ball
1-0: SINGLE (Flyball, 9LS, EV 93.1 MPH)
Batting: SHB Marcos Gomez 0-0: Called Strike
0-1: Fly out, F9 (Flyball, 89D, EV 86.3 MPH)
Batting: RHB Ken Frazier 0-0: Ground out 4-3 (Groundball, 4M, EV 98.8 MPH)
Pete Dalena to second
Batting: RHB Ed Sedar 0-0: Ball
Wild Pitch!
Pete Dalena to third
1-0: Ball
2-0: Foul Ball, location: 2F
2-1: Ball
3-1: Base on Balls
Batting: RHB Gabriel de la Sancha 0-0: Called Strike
0-1: Fly out, F8 (Line Drive, 8LD, EV 90.0 MPH)
Bottom of the 2nd over - 0 runs, 1 hit, 0 errors, 2 left on base; San Jose 1 - Visalia 0
TOP OF THE 3RD
San Jose Bees batting - Pitching for Visalia Mets : RHP Tom Rowe
Batting: RHB David Hoyt 0-0: Ball
1-0: Ball
2-0: Called Strike
2-1: Ball
3-1: Called Strike
3-2: Fly out, F7 (Flyball, 78M, EV 91.9 MPH)
Batting: RHB Bill Pinkham 0-0: Ball
1-0: Called Strike
1-1: Foul Ball, location: 2F
1-2: Strikes out swinging
Batting: RHB Anthony Laurenzi 0-0: Ball
1-0: Ball
2-0: Called Strike
2-1: Swinging Strike
2-2: Foul Ball, location: 2F
2-2: Ball
3-2: Strikes out swinging
Top of the 3rd over - 0 runs, 0 hits, 0 errors, 0 left on base; San Jose 1 - Visalia 0
BOTTOM OF THE 3RD
Visalia Mets batting - Pitching for San Jose Bees : LHP Richard Spanton
Batting: RHB Eddie Dennis 0-0: Ball
1-0: Ground out 4-3 (Groundball, 4, EV 101.3 MPH)
Batting: RHB Danny Ainge 0-0: Ball
1-0: DOUBLE (Flyball, 78D, EV 89.4 MPH)
Batting: SHB David Navarro 0-0: Ball
1-0: Called Strike
1-1: Ball
2-1: Ball
3-1: Called Strike
3-2: Ground out 6-3 (Groundball, 6, EV 83.1 MPH)
Batting: LHB Huey Gayden 0-0: Swinging Strike
0-1: Hit by Pitch
Batting: LHB Pete Dalena 0-0: Called Strike
0-1: Foul Ball, location: 2F
0-2: Ball
1-2: Ball
2-2: Foul Ball, location: 2F
2-2: Foul Ball, location: 2F
2-2: Fly out, F5 (Popup, 5, EV 66.9 MPH)
Bottom of the 3rd over - 0 runs, 1 hit, 0 errors, 2 left on base; San Jose 1 - Visalia 0
TOP OF THE 4TH
San Jose Bees batting - Pitching for Visalia Mets : RHP Tom Rowe
Batting: RHB Ron MacDonald 0-0: Ball
1-0: Ball
2-0: Ball
3-0: Called Strike
3-1: Reached on error, E5 (Groundball, 56S, EV 74.4 MPH)
Batting: LHB Stanley Davis 0-0: Ball
1-0: Called Strike
1-1: Swinging Strike
1-2: Fly out, F9 (Line Drive, 9, EV 104.4 MPH)
Batting: RHB Ricky McMullen 0-0: Ball
1-0: Fielders Choice at 2nd, 5-4 (Groundball, 56, EV 78.1 MPH)
Batting: RHB Michael Parker 0-0: Foul Ball, location: 2F
0-1: Called Strike
0-2: Ball
1-2: Ball
2-2: Strikes out swinging, 2-3 out at first.
Top of the 4th over - 0 runs, 0 hits, 1 error, 1 left on base; San Jose 1 - Visalia 0
BOTTOM OF THE 4TH
Visalia Mets batting - Pitching for San Jose Bees : LHP Richard Spanton
Batting: SHB Marcos Gomez 0-0: Ball
1-0: Fly out, F6 (Popup, 6M, EV 54.4 MPH)
Batting: RHB Ken Frazier 0-0: Foul Ball, location: 2F
0-1: Ground out 4-3 (Groundball, 4, EV 81.9 MPH)
Batting: RHB Ed Sedar 0-0: Called Strike
0-1: Ball
1-1: Fly out, F8 (Flyball, 78S, EV 86.9 MPH)
Bottom of the 4th over - 0 runs, 0 hits, 0 errors, 0 left on base; San Jose 1 - Visalia 0
TOP OF THE 5TH
San Jose Bees batting - Pitching for Visalia Mets : RHP Tom Rowe
Batting: LHB Dale Weaver 0-0: Called Strike
0-1: Ball
1-1: Ball
2-1: Ball
3-1: Swinging Strike
3-2: Ground out 4-3 (Groundball, 4, EV 100.0 MPH)
Batting: RHB Timothy Wallace 0-0: Called Strike
0-1: Hit by Pitch
Batting: RHB David Hoyt 0-0: Ball
1-0: Fly out, F8 (Flyball, 8LD, EV 98.1 MPH)
Batting: RHB Bill Pinkham 0-0: Ball
1-0: Foul Ball, location: 2F
1-1: Ball
2-1: Foul Ball, location: 2F
2-2: Ground out 6-3 (Groundball, 6MD, EV 105.6 MPH)
Top of the 5th over - 0 runs, 0 hits, 0 errors, 1 left on base; San Jose 1 - Visalia 0
BOTTOM OF THE 5TH
Visalia Mets batting - Pitching for San Jose Bees : LHP Richard Spanton
Batting: RHB Gabriel de la Sancha 0-0: SOLO HOME RUN (Line Drive, 7D, EV 100.0 MPH), Distance : 377 ft
Batting: RHB Eddie Dennis 0-0: Fly out, F8 (Line Drive, 8RM, EV 95.6 MPH)
Batting: RHB Danny Ainge 0-0: Called Strike
0-1: Foul Ball, location: 2F
0-2: Ball
1-2: Foul Ball, location: 2F
1-2: Ball
2-2: Ground out 4-3 (Groundball, 4, EV 92.5 MPH)
Batting: SHB David Navarro 0-0: Foul Ball, location: 2F
0-1: Ball
1-1: Foul Ball, location: 2F
1-2: Foul Ball, location: 2F
1-2: Ball
2-2: Foul Ball, location: 2F
2-2: SINGLE (Line Drive, 78S, EV 103.1 MPH)
Batting: LHB Huey Gayden 0-0: Ball
1-0: Ball
2-0: Called Strike
2-1: Foul Ball, location: 2F
2-2: Fly out, F8 (Flyball, 8LD, EV 96.9 MPH)
Bottom of the 5th over - 1 run, 2 hits, 0 errors, 1 left on base; San Jose 1 - Visalia 1
TOP OF THE 6TH
San Jose Bees batting - Pitching for Visalia Mets : RHP Tom Rowe
Batting: RHB Anthony Laurenzi 0-0: Called Strike
0-1: Ball
1-1: Swinging Strike
1-2: Ball
2-2: Ground out 3-1 (Groundball, 34S, EV 83.1 MPH)
Batting: RHB Ron MacDonald 0-0: Ball
1-0: SINGLE (Line Drive, 34D, EV 94.4 MPH)
Batting: LHB Stanley Davis 0-0: Ball
1-0: Ground out 5-3 (Groundball, 56S, EV 71.9 MPH)
Ron MacDonald to second
Batting: RHB Ricky McMullen 0-0: Foul Ball, location: 2F
0-1: Ball
1-1: Swinging Strike
1-2: Foul Ball, location: 2F
1-2: Ball
2-2: Foul Ball, location: 2F
2-2: Ground out 5-3 (Groundball, 5L, EV 91.3 MPH)
Top of the 6th over - 0 runs, 1 hit, 0 errors, 1 left on base; San Jose 1 - Visalia 1
BOTTOM OF THE 6TH
Visalia Mets batting - Pitching for San Jose Bees : LHP Richard Spanton
Batting: LHB Pete Dalena 0-0: Fly out, F4 (Popup, 4D, EV 48.1 MPH)
Batting: SHB Marcos Gomez 0-0: Ball
1-0: Called Strike
1-1: Ground out 6-3 (Groundball, 6, EV 105.0 MPH)
Batting: RHB Ken Frazier 0-0: Ground out 6-3 (Groundball, 6, EV 98.1 MPH)
Bottom of the 6th over - 0 runs, 0 hits, 0 errors, 0 left on base; San Jose 1 - Visalia 1
TOP OF THE 7TH
San Jose Bees batting - Pitching for Visalia Mets : RHP Tom Rowe
Batting: RHB Michael Parker 0-0: Ground out 2-3 (Groundball, 13S, EV 73.8 MPH)
Batting: LHB Dale Weaver 0-0: DOUBLE (Groundball, 5L, EV 99.4 MPH)
Batting: RHB Timothy Wallace 0-0: Foul Ball, location: 2F
0-1: SINGLE (Line Drive, 6D, EV 103.8 MPH)
Dale Weaver to third
Runner from 3rd tries for Home, SAFE, throw by LF to home
Batting: RHB David Hoyt 0-0: Ball
1-0: Foul Ball, location: 2F
1-1: Ball
Wild Pitch!
Timothy Wallace to second
2-1: Fly out, F9 (Flyball, 9LM, EV 83.1 MPH)
Runner from 2nd tags up, SAFE at 3rd with throw by RF
Batting: RHB Bill Pinkham 0-0: Called Strike
0-1: Ball
1-1: Ground out U3 (Groundball, 34S, EV 83.8 MPH)
Top of the 7th over - 1 run, 2 hits, 0 errors, 1 left on base; San Jose 2 - Visalia 1
BOTTOM OF THE 7TH
Visalia Mets batting - Pitching for San Jose Bees : LHP Richard Spanton
Batting: RHB Ed Sedar 0-0: Foul Ball, location: 2F
0-1: Ball
1-1: Foul Ball, location: 2F
1-2: Ball
2-2: Foul Ball, location: 2F
2-2: Fly out, F9 (Flyball, 89XD, EV 110.0 MPH)
Batting: RHB Gabriel de la Sancha 0-0: Ball
1-0: Ball
2-0: Called Strike
2-1: Ball
3-1: Base on Balls
Batting: RHB Eddie Dennis 0-0: Called Strike
0-1: Ball
1-1: SINGLE (Line Drive, 4D, EV 96.3 MPH)
Gabriel de la Sancha to second
Runner from 2nd tries for 3rd, SAFE, throw by CF made to third
Batting: RHB Danny Ainge 0-0: Ball
1-0: SINGLE (Groundball, 34D, EV 98.1 MPH)
Gabriel de la Sancha scores
Eddie Dennis to second
Runner from 2nd tries for 3rd, SAFE, throw by RF made to third
Batting: SHB David Navarro 0-0: Foul Ball, location: 2F
0-1: TRIPLE (Line Drive, 78XD, EV 105.0 MPH)
Eddie Dennis scores
Danny Ainge scores
Batting: LHB Huey Gayden 0-0: Ball
1-0: Called Strike
1-1: Called Strike
1-2: Ball
2-2: Ball
3-2: Foul Ball, location: 2F
3-2: SINGLE (Line Drive, 78S, EV 97.5 MPH)
David Navarro scores
Batting: LHB Pete Dalena 0-0: Called Strike
0-1: Ball
1-1: Ball
2-1: Grounds into double play, 6-4-3 (Groundball, 6M, EV 101.3 MPH)
Bottom of the 7th over - 4 runs, 4 hits, 0 errors, 0 left on base; San Jose 2 - Visalia 5
TOP OF THE 8TH
San Jose Bees batting - Pitching for Visalia Mets : RHP Tom Rowe
Batting: RHB Anthony Laurenzi 0-0: Swinging Strike
0-1: Swinging Strike
0-2: Ball
1-2: Foul Ball, location: 2F
1-2: Ball
2-2: Reached on error, E4 (Groundball, 4, EV 88.1 MPH)
Batting: RHB Ron MacDonald 0-0: Ball
1-0: Ball
2-0: Called Strike
2-1: Ball
3-1: DOUBLE (Flyball, 9LM, EV 101.3 MPH)
Anthony Laurenzi to third
Runner from 3rd tries for Home, SAFE, throw by RF to trailing runner, SAFE at third!
Batting: LHB Stanley Davis 0-0: SINGLE (Groundball, 34D, EV 99.4 MPH)
Ron MacDonald scores
Batting: RHB Ricky McMullen 0-0: Ball
1-0: Fly out, F9 (Line Drive, 9D, EV 105.0 MPH)
Batting: RHB Michael Parker 0-0: Ball
1-0: Foul Ball, location: 2F
1-1: Swinging Strike
1-2: Ball
2-2: Ball
3-2: Fly out, F9 (Line Drive, 9D, EV 83.1 MPH)
Batting: LHB Dale Weaver 0-0: Ball
1-0: Fly out, F8 (Flyball, 8RM, EV 91.3 MPH)
Top of the 8th over - 2 runs, 2 hits, 1 error, 1 left on base; San Jose 4 - Visalia 5
BOTTOM OF THE 8TH
Visalia Mets batting - Pitching for San Jose Bees : LHP Richard Spanton
Batting: SHB Marcos Gomez 0-0: Ball
1-0: Ball
2-0: Called Strike
2-1: Ground out 5-3 (Groundball, 56, EV 87.5 MPH)
Batting: RHB Ken Frazier 0-0: Foul Ball, location: 2F
0-1: Ball
1-1: Ball
2-1: Fly out, F6 (Flyball, 56D, EV 92.5 MPH)
Batting: RHB Ed Sedar 0-0: Foul Ball, location: 2F
0-1: Ball
1-1: SINGLE (Line Drive, 78M, EV 94.4 MPH)
Batting: RHB Gabriel de la Sancha 0-0: Ball
1-0: Foul Ball, location: 2F
1-1: Ball
2-1: Foul Ball, location: 2F
2-2: Ball
3-2: Fly out, F8 (Flyball, 8LM, EV 88.8 MPH)
Bottom of the 8th over - 0 runs, 1 hit, 0 errors, 1 left on base; San Jose 4 - Visalia 5
TOP OF THE 9TH
San Jose Bees batting - Pitching for Visalia Mets : RHP Tom Rowe
Pitching: RHP Dennis Long
Batting: RHB Timothy Wallace 0-0: Swinging Strike
0-1: Ground out 6-3 (Groundball, 56, EV 85.6 MPH)
Batting: RHB David Hoyt 0-0: Foul Ball, location: 2F
0-1: Ground out 5-3 (Groundball, 5S, EV 88.1 MPH)
Batting: RHB Bill Pinkham 0-0: Ball
1-0: Foul Ball, location: 2F
1-1: Foul Ball, location: 2F
1-2: Fly out, F5 (Popup, 5F, EV 67.5 MPH)
Top of the 9th over - 0 runs, 0 hits, 0 errors, 0 left on base; San Jose 4 - Visalia 5
Wednesday, August 5th, 2020 - OOTP Baseball 21.5 Build 76